 Dungeon Crawl Stone Soup version 0.31.0-11-ge490571c62 (webtiles) character file.

Game seed: 10544188042588168107

17484 qw the Nimble (level 12, -6/60 HPs)
             Began as a Spriggan Hunter on Feb 3, 2024.
             Was an Elder of Okawaru.
             Mangled by a komodo dragon (27 damage)
             ... on level 11 of the Dungeon.
             The game lasted 00:04:28 (10706 turns).

qw the Nimble (Spriggan Hunter)                    Turns: 10706, Time: 00:04:28

Health: -6/60      AC: 11    Str:  7    XL:     12   Next: 19%
Magic:  19/19      EV: 37    Int: 10    God:    Okawaru [****..]
Gold:   90         SH:  0    Dex: 24    Spells: 11/11 levels left

rFire   . . .        i - +0 arbalest
rCold   . . .        (shield currently unavailable)
rNeg    . . .        a - +2 steam dragon scales
rPois   +            n - +1 hat {Stlth+}
rElec   +            m - +2 cloak
rCorr   .            (gloves unavailable)
SInv    +            (boots unavailable)
Will    ++...        (no amulet)
Stlth   +++          h - ring of poison resistance
HPRegen 0.30/turn    b - +5 ring of evasion
MPRegen 0.16/turn

%: no passive effects
@: very quick
A: very small, no large weapons, unfitting armour, see invisible, speed 3,
electricity resistance, MP-powered wands
a: Renounce Religion, Heroism, Finesse


You were on level 11 of the Dungeon.
You worshipped Okawaru.
Okawaru was greatly pleased with you.
You visited 2 branches of the dungeon, and saw 12 of its levels.
You also visited: Ossuary.

You collected 912 gold pieces.
You spent 822 gold pieces at shops.


Innate Abilities, Weirdness & Mutations

You are very small and have problems with some larger weapons.
You are too small for most types of armour.
You have supernaturally acute eyesight. (SInv)
You cover ground extremely quickly. (Speed+++)
You are resistant to electric shocks. (rElec)
You expend magic power (3 MP) to strengthen your wands.


   Skills:
 - Level 5.0 Fighting
 - Level 14.0 Ranged Weapons
 - Level 1.3 Armour
 + Level 14.3 Dodging
 - Level 1.5 Stealth
 + Level 8.2 Invocations


You had 11 spell levels left.
You didn't know any spells.
Your spell library was empty.

Inventory:

Hand Weapons
 i - a +0 arbalest (weapon)
Armour
 a - +2 steam dragon scales (worn)
 m - a +2 cloak (worn)
 n - a +1 hat of stealth (worn)
Jewellery
 b - a +5 ring of evasion (right hand)
 h - a ring of poison resistance (left hand)
 k - a ring of protection from fire
 r - a ring of protection from fire
 s - a +4 ring of slaying {mikee}
Wands
 c - a wand of roots (15)
 g - a wand of paralysis (4)
Scrolls
 j - 3 scrolls of teleportation
 u - 4 scrolls of identify
Potions
 e - 2 potions of heal wounds
 f - 10 potions of curing
 l - 3 potions of haste
 o - 2 potions of mutation
 p - 2 potions of enlightenment
 q - 2 potions of cancellation
 t - a potion of magic
 v - a potion of might

Dungeon Overview and Level Annotations

Branches:
Dungeon (11/15)            Temple (1/1) D:6            Lair (0/5) D:11
    Orc (0/2) D:9         Ossuary (visited)

Altars:
Ashenzari
Cheibriados
Dithmenos
Elyvilon
Fedhas
Gozag
Hepliaklqana
Kikubaaqudgha
Makhleb
Nemelex Xobeh
Okawaru
Qazlal
Ru
Sif Muna
Trog
Uskayaw
Vehumet
Wu Jian
Xom
Yredelemnul
Zin
The Shining One

Shops:
D:5 [   D:7 !   D:9 *   D:11 [![

Portals:
Abyss: D:3
Trove: D:10 (show slimy rune of Zot)

Annotations:
D:3 2 transporters, qw's ghost, weakling DEHu
D:4 2 runed translucent doors, Crazy Yiuf; qw's ghost, amateur DEHu
D:7 1 runed translucent door, qw's ghost, novice GrHu
D:8 3 runed translucent doors, qw's ghost, novice SpHu
D:9 exclusion: ice statue


Message History

The komodo dragon hisses angrily.
The komodo dragon bites the plant!
The plant begins to die.
The komodo dragon bites the plant!!
The komodo dragon bites the plant.
The komodo dragon bites the plant!!
The plant begins to die.
The komodo dragon bites the plant!!
A nearby plant withers and dies.
The komodo dragon bites the plant!
The plant begins to die.
A nearby plant withers and dies.
A nearby plant withers and dies.
You shoot a bolt. The bolt hits the komodo dragon!
The komodo dragon is moderately wounded.
The komodo dragon bites you!
You shoot a bolt. The bolt hits the komodo dragon.
The komodo dragon is moderately wounded.
The komodo dragon completely misses you.
You shoot a bolt. The bolt hits the komodo dragon!
The komodo dragon is severely wounded.
The komodo dragon misses you.
You shoot a bolt. The bolt hits the komodo dragon!
The komodo dragon is almost dead.
The komodo dragon misses you. The komodo dragon bites you.
You shoot a bolt.
The bolt hits the komodo dragon but does no damage.
The komodo dragon is almost dead.
The komodo dragon bites you!!
You shoot a bolt.
The bolt barely misses the komodo dragon.
The komodo dragon hisses menacingly.
The komodo dragon closely misses you.
You shoot a bolt.
The bolt closely misses the komodo dragon.
The komodo dragon completely misses you.
You shoot a bolt.
The bolt closely misses the komodo dragon.
The komodo dragon completely misses you.
You shoot a bolt.
The bolt barely misses the komodo dragon.
The komodo dragon misses you. The komodo dragon bites you!!
You die...

....##..........##
....#............####
####................## ##
#..............#..##
.###............###...##
................##....P##
####............#....PPP#
##...........#...PPPP#
##..........@...PPPP#
#########..lP.PPPPP#
##....PPPPP# ##.......P#
#..P..>.P# ##.PPP..P#


#..PPPPP# ##PPPPP## ####### You could see a komodo dragon.

Vanquished Creatures
  Gastronok (D:9)
  Snorg (D:11)
  Josephine (D:10)
  A boulder beetle (D:10)
  2 two-headed ogres
  Urug (D:10)
  Sonja (D:10)
  A manticore (D:9)
  2 cyclopes
  Maggie (D:6)
  A tengu conjurer (D:9)
  A troll (D:10)
  Grinder (D:5)
  6 wraiths
  A shadow (D:9)
  2 wyverns
  17 yaks
  3 steam dragons
  7 vampire mosquitoes
  2 acid dragons
  2 water moccasins
  4 sky beasts
  6 orc warriors
  A black bear (D:5)
  3 ogres
  2 centaurs
  2 phantoms
  2 kobold brigands (D:8)
  A gnoll sergeant (D:11)
  4 bullfrogs
  3 scorpions
  12 wights
  10 killer bees
  A vampire bat (D:5)
  3 howler monkeys
  9 orc priests
  2 hounds
  3 jellies
  13 orc wizards
  2 iguanas
  8 mummies (Ossuary)
  14 adders
  9 gnolls
  A shadow imp (D:6)
  6 ufetubi
  2 ribbon worms
  3 dart slugs
  3 fire bats (D:5)
  42 orcs
  2 spectral bats (D:5)
  15 bats
  3 bat skeletons (D:5)
  A bat zombie (D:5)
  3 endoplasms
  6 giant cockroaches
  A gnoll zombie (Ossuary)
  6 goblins
  7 hobgoblins
  9 jackals (D:2)
  23 kobolds
  2 quokkas
  5 ball pythons
  A bat simulacrum (D:5)
  4 frilled lizards
  3 hobgoblin zombies (Ossuary)
  4 kobold zombies (Ossuary)
  A rat (D:3)
322 creatures vanquished.

Notes
Turn   | Place    | Note
-------+----------+-------------------------------------------
     0 | D:1      | qw the Spriggan Hunter began the quest for the Orb.
     0 | D:1      | Reached XP level 1. HP: 10/10 MP: 2/2
     0 | D:1      | 0 ||| qw: Version: 0.3-a-155-g5e7d8dd
     0 | D:1      | 0 ||| qw: Game counter: 3204
     0 | D:1      | 0 ||| qw: Melee chars always use a shield: true
     0 | D:1      | 0 ||| qw: God list: Okawaru
     0 | D:1      | 0 ||| qw: Allow faded altars: false
     0 | D:1      | 0 ||| qw: Do Orc after clearing Dungeon:15 true
     0 | D:1      | 0 ||| qw: Do second Lair branch before Depths: true
     0 | D:1      | 0 ||| qw: Lair rune preference: random
     0 | D:1      | 0 ||| qw: Goals: Normal
     0 | D:1      | 0 ||| PLANNING D:1-11
    47 | D:1      | Reached skill level 3 in Dodging
   101 | D:1      | Reached XP level 2. HP: 14/14 MP: 3/3
   593 | D:1      | 593 ||| UPGRADING to ring of poison resistance.
   594 | D:1      | 594 ||| READING scroll labelled ECZOEL BOLEX.
   598 | D:1      | 598 ||| READING scroll labelled PUAGERI PINI.
   599 | D:1      | 599 ||| READING 3 scrolls labelled POYLLUY ZUXAF.
   599 | D:1      | 599 ||| ENCHANTING +0 shortbow.
   600 | D:1      | 600 ||| READING scroll labelled KETHUE NENLI.
   701 | D:1      | 701 ||| DRINKING 2 bubbling purple potions.
   702 | D:1      | 702 ||| DRINKING 2 fuming cyan potions.
   702 | D:1      | Gained mutation: You are frail. (-10% HP) [potion of
                  | mutation]
   702 | D:1      | Gained mutation: You have sharp toenails. [potion of
                  | mutation]
   702 | D:1      | Gained mutation: Your natural rate of healing is unusually
                  | fast. [potion of mutation]
   703 | D:1      | 703 ||| DRINKING potion of mutation.
   703 | D:1      | Lost mutation: You are frail. (-10% HP) [potion of
                  | mutation]
   703 | D:1      | Lost mutation: Your natural rate of healing is unusually
                  | fast. [potion of mutation]
   703 | D:1      | Lost mutation: You have sharp toenails. [potion of
                  | mutation]
   703 | D:1      | Gained mutation: You are resistant to electric shocks.
                  | (rElec) [potion of mutation]
   703 | D:1      | Gained mutation: You expend magic power (3 MP) to
                  | strengthen your wands. [potion of mutation]
   712 | D:1      | 712 ||| DROPPING scroll of butterflies.
   779 | D:2      | Reached XP level 3. HP: 11/18 MP: 4/4
   995 | D:2      | HP: 4/18 [adder (2)]
   996 | D:2      | 996 ||| DRINKING potion of heal wounds.
  1110 | D:2      | Reached XP level 4. HP: 22/22 MP: 5/5
  1678 | D:2      | 1678 ||| UPGRADING to +5 ring of evasion.
  1679 | D:2      | 1679 ||| READING 3 scrolls labelled NAGAUN ONTOBI.
  1679 | D:2      | 1679 ||| IDENTIFYING glowing clear potion
  1680 | D:2      | 1680 ||| DROPPING potion of invisibility.
  1749 | D:3      | Reached XP level 5. HP: 26/26 MP: 6/6
  1893 | D:3      | Found a transporter.
  2260 | D:3      | Found a transporter.
  2264 | D:3      | Found a one-way gate to the infinite horrors of the Abyss.
  2264 | D:3      | Noticed qw's ghost (weakling DEHu)
  2265 | D:3      | Noticed a small abomination
  2274 | D:3      | Noticed an ancient zyme
  2509 | D:3      | 2509 ||| READING 3 scrolls of identify.
  2509 | D:3      | 2509 ||| IDENTIFYING scroll labelled TUCUZA PONA
  2510 | D:3      | 2510 ||| DROPPING scroll of immolation.
  2564 | D:4      | Found a runed translucent door.
  2567 | D:4      | Noticed qw's ghost (amateur DEHu)
  2577 | D:4      | Reached skill level 6 in Ranged Weapons
  2650 | D:4      | Reached XP level 6. HP: 30/30 MP: 7/7
  2862 | D:4      | Reached skill level 6 in Dodging
  2963 | D:4      | Found a runed translucent door.
  2964 | D:4      | Noticed Crazy Yiuf
  3291 | D:4      | Reached XP level 7. HP: 21/35 MP: 8/8
  3527 | D:4      | 3527 ||| READING 3 scrolls of identify.
  3527 | D:4      | 3527 ||| IDENTIFYING white potion
  3528 | D:4      | 3528 ||| READING 2 scrolls of identify.
  3528 | D:4      | 3528 ||| IDENTIFYING dark potion
  3529 | D:4      | 3529 ||| READING scroll of identify.
  3529 | D:4      | 3529 ||| IDENTIFYING scroll labelled NEFIPT DEYTWO
  3530 | D:4      | 3530 ||| READING scroll labelled YLIUPEOHAU.
  3531 | D:4      | 3531 ||| READING scroll labelled QALANU QIHA.
  3531 | D:4      | 3531 ||| ENCHANTING +0 shortbow.
  3532 | D:4      | 3532 ||| DROPPING scroll of vulnerability.
  3560 | D:5      | Entered Level 5 of the Dungeon
  3561 | D:5      | 3561 ||| PLANNING OSSUARY
  3563 | D:5      | 3563 ||| STAIRDANCE
  3571 | D:5      | 3571 ||| STAIRDANCE
  3640 | D:5      | 3640 ||| STAIRDANCE
  3811 | D:5      | Found Remuocob's Antique Armour Shop.
  3868 | D:5      | 3868 ||| BUYING cloak (117 gold).
  3868 | D:5      | Bought a cloak for 117 gold pieces
  3868 | D:5      | 3868 ||| SHOPLISTING translucent robe (148 gold, have 70).
  3952 | D:5      | Reached XP level 8. HP: 39/39 MP: 9/9
  3971 | D:5      | Noticed Grinder
  3988 | D:5      | Killed Grinder
  3989 | D:5      | Reached skill level 9 in Dodging
  4089 | D:5      | Identified the +8 war axe "Pughija" {pain, *Slow rPois
                  | Will+}
  4110 | D:5      | Found a sand-covered staircase.
  4111 | D:5      | 4111 ||| UPGRADING to +0 cloak.
  4116 | D:5      | 4116 ||| READING 2 scrolls of enchant armour.
  4116 | D:5      | 4116 ||| ENCHANTING +0 cloak.
  4117 | D:5      | 4117 ||| READING scroll of enchant armour.
  4117 | D:5      | 4117 ||| ENCHANTING +1 cloak.
  4118 | D:5      | 4118 ||| READING scroll of identify.
  4118 | D:5      | 4118 ||| IDENTIFYING puce potion
  4119 | D:5      | 4119 ||| READING scroll labelled MASCHAR UGHE.
  4120 | D:5      | 4120 ||| DRINKING 3 bubbling orange potions.
  4121 | D:5      | 4121 ||| DROPPING potion of brilliance.
  4130 | Ossuary  | Entered an ossuary
  4267 | Ossuary  | Reached skill level 3 in Fighting
  4309 | Ossuary  | 4309 ||| READING scroll of identify.
  4309 | Ossuary  | 4309 ||| IDENTIFYING fizzy ruby potion
  4310 | Ossuary  | 4310 ||| READING scroll labelled OHIGEGGU LOHI.
  4311 | Ossuary  | 4311 ||| DRINKING 2 sedimented blue potions.
  4312 | Ossuary  | 4312 ||| DROPPING potion of ambrosia.
  4313 | Ossuary  | 4313 ||| DROPPING potion of attraction.
  4337 | D:5      | 4337 ||| PLANNING D:1-11
  4640 | D:6      | Reached skill level 9 in Ranged Weapons
  4884 | D:6      | Reached XP level 9. HP: 28/44 MP: 10/10
  4948 | D:6      | 4948 ||| RETREEEEATING.
  4949 | D:6      | 4949 ||| RETREEEEATING.
  5189 | D:6      | 5189 ||| RETREEEEATING.
  5190 | D:6      | 5190 ||| RETREEEEATING.
  5191 | D:6      | 5191 ||| RETREEEEATING.
  5192 | D:6      | 5192 ||| RETREEEEATING.
  5193 | D:6      | 5193 ||| RETREEEEATING.
  5194 | D:6      | 5194 ||| RETREEEEATING.
  5195 | D:6      | 5195 ||| RETREEEEATING.
  5196 | D:6      | 5196 ||| RETREEEEATING.
  5197 | D:6      | 5197 ||| RETREEEEATING.
  5200 | D:6      | 5200 ||| RETREEEEATING.
  5201 | D:6      | 5201 ||| RETREEEEATING.
  5202 | D:6      | 5202 ||| RETREEEEATING.
  5203 | D:6      | 5203 ||| RETREEEEATING.
  5204 | D:6      | 5204 ||| RETREEEEATING.
  5205 | D:6      | 5205 ||| RETREEEEATING.
  5222 | D:6      | HP: 11/45 [poisoned by a killer bee]
  5223 | D:6      | 5223 ||| READING 4 scrolls of teleportation.
  5224 | D:6      | 5224 ||| DRINKING 3 potions of heal wounds.
  5672 | D:6      | 5672 ||| FLEEEEING.
  5690 | D:6      | 5690 ||| FLEEEEING.
  5895 | D:6      | Noticed Maggie
  5896 | D:6      | 5896 ||| SWAPPING to +0 orcbow.
  5905 | D:6      | Killed Maggie
  5906 | D:6      | 5906 ||| DROPPING +1 shortbow.
  6063 | D:6      | Found a staircase to the Ecumenical Temple.
  6064 | D:6      | 6064 ||| PLANNING TEMPLE
  6064 | D:6      | 6064 ||| UPGRADING to +0 steam dragon scales.
  6074 | D:6      | 6074 ||| DROPPING +0 robe.
  6075 | D:6      | 6075 ||| READING 2 scrolls of enchant armour.
  6075 | D:6      | 6075 ||| ENCHANTING +0 steam dragon scales.
  6076 | D:6      | 6076 ||| READING scroll of enchant armour.
  6076 | D:6      | 6076 ||| ENCHANTING +1 steam dragon scales.
  6077 | D:6      | 6077 ||| READING scroll labelled ALOURI NYIDGHUC.
  6077 | D:6      | 6077 ||| BRANDING +0 orcbow.
  6078 | D:6      | 6078 ||| READING scroll labelled SUASAR AMETTAVOEFA.
  6085 | Temple   | Entered the Ecumenical Temple
  6086 | Temple   | 6086 ||| PLANNING OKAWARU WORSHIP
  6115 | Temple   | Became a worshipper of Warmaster Okawaru
  6116 | Temple   | 6116 ||| PLANNING D:1-11
  6190 | D:7      | 6190 ||| RETREEEEATING.
  6191 | D:7      | 6191 ||| RETREEEEATING.
  6192 | D:7      | 6192 ||| RETREEEEATING.
  6193 | D:7      | 6193 ||| RETREEEEATING.
  6194 | D:7      | 6194 ||| RETREEEEATING.
  6195 | D:7      | 6195 ||| RETREEEEATING.
  6196 | D:7      | 6196 ||| RETREEEEATING.
  6201 | D:7      | Reached skill level 1 in Armour
  6337 | D:7      | Found Suemnuib's Distillery.
  6346 | D:7      | 6346 ||| BUYING potion of cancellation (104 gold).
  6346 | D:7      | Bought a potion of cancellation for 104 gold pieces
  6346 | D:7      | 6346 ||| BUYING potion of curing (39 gold).
  6346 | D:7      | Bought a potion of curing for 39 gold pieces
  6346 | D:7      | 6346 ||| BUYING potion of curing (39 gold).
  6346 | D:7      | Bought a potion of curing for 39 gold pieces
  6346 | D:7      | 6346 ||| BUYING potion of heal wounds (65 gold).
  6346 | D:7      | Bought a potion of heal wounds for 65 gold pieces
  6346 | D:7      | 6346 ||| BUYING potion of mutation (104 gold).
  6346 | D:7      | Bought a potion of mutation for 104 gold pieces
  6346 | D:7      | 6346 ||| SHOPLISTING potion of resistance (130 gold, have
                  | 43).
  6391 | D:7      | Found a runed translucent door.
  6392 | D:7      | Noticed qw's ghost (novice GrHu)
  6475 | D:7      | Reached * piety under Okawaru
  6494 | D:7      | Found a hazy altar of Hepliaklqana.
  6494 | D:7      | Found a burning altar of Makhleb.
  6545 | D:7      | Reached XP level 10. HP: 49/49 MP: 11/11
  6599 | D:7      | Reached skill level 1 in Invocations
  6785 | D:7      | Reached skill level 12 in Dodging
  6919 | D:7      | Found a snail-covered altar of Cheibriados.
  6977 | D:7      | Reached skill level 3 in Invocations
  6982 | D:7      | Reached ** piety under Okawaru
  7052 | D:7      | 7052 ||| READING 2 scrolls of identify.
  7052 | D:7      | 7052 ||| IDENTIFYING murky coppery potion
  7053 | D:7      | 7053 ||| READING scroll of identify.
  7053 | D:7      | 7053 ||| IDENTIFYING metallic dark potion
  7094 | D:8      | 7094 ||| STAIRDANCE
  7189 | D:8      | Found a runed translucent gate.
  7195 | D:8      | Found a runed translucent gate.
  7196 | D:8      | Found a runed translucent gate.
  7197 | D:8      | Noticed qw's ghost (novice SpHu)
  7202 | D:8      | 7202 ||| READING scroll labelled CAMUOB HOMU.
  7291 | D:7      | Found a white marble altar of Elyvilon.
  7291 | D:7      | Found a sparkling altar of Nemelex Xobeh.
  7308 | D:8      | 7308 ||| STAIRDANCE
  7315 | D:7      | 7315 ||| Stepping randomly (stuck).
  7770 | D:9      | Found Gannoch's Assorted Antiques.
  7771 | D:9      | Found a staircase to the Orcish Mines.
  7786 | D:9      | 7786 ||| BUYING potion of enlightenment (90 gold).
  7786 | D:9      | Bought a potion of enlightenment for 90 gold pieces
  7846 | D:9      | 7846 ||| SWAPPING to +0 arbalest.
  7847 | D:9      | 7847 ||| DROPPING +0 orcbow of freezing.
  7860 | D:9      | Noticed Gastronok
  7861 | D:9      | 7861 ||| INVOKING Heroism.
  7863 | D:9      | 7863 ||| RETREEEEATING.
  7866 | D:9      | 7866 ||| RETREEEEATING.
  7867 | D:9      | 7867 ||| RETREEEEATING.
  7876 | D:9      | 7876 ||| RETREEEEATING.
  7878 | D:9      | 7878 ||| RETREEEEATING.
  7879 | D:9      | 7879 ||| RETREEEEATING.
  7881 | D:9      | 7881 ||| RETREEEEATING.
  7882 | D:9      | 7882 ||| RETREEEEATING.
  7883 | D:9      | 7883 ||| RETREEEEATING.
  7885 | D:9      | 7885 ||| RETREEEEATING.
  7889 | D:9      | Reached skill level 12 in Ranged Weapons
  7892 | D:9      | 7892 ||| INVOKING Heroism.
  7895 | D:9      | 7895 ||| RETREEEEATING.
  7907 | D:9      | Killed Gastronok
  7907 | D:9      | Reached *** piety under Okawaru
  7975 | D:9      | Reached XP level 11. HP: 54/54 MP: 15/15
  8077 | D:9      | 8077 ||| RETREEEEATING.
  8078 | D:9      | 8078 ||| RETREEEEATING.
  8079 | D:9      | 8079 ||| RETREEEEATING.
  8080 | D:9      | 8080 ||| RETREEEEATING.
  8081 | D:9      | 8081 ||| RETREEEEATING.
  8082 | D:9      | 8082 ||| RETREEEEATING.
  8083 | D:9      | 8083 ||| RETREEEEATING.
  8083 | D:9      | HP: 7/51 [orc warrior/+0 scimitar (9)]
  8084 | D:9      | 8084 ||| READING 5 scrolls of teleportation.
  8085 | D:9      | 8085 ||| DRINKING 3 potions of heal wounds.
  8086 | D:9      | 8086 ||| RETREEEEATING.
  8087 | D:9      | 8087 ||| RETREEEEATING.
  8089 | D:9      | 8089 ||| RETREEEEATING.
  8091 | D:9      | 8091 ||| RETREEEEATING.
  8092 | D:9      | 8092 ||| RETREEEEATING.
  8093 | D:9      | 8093 ||| RETREEEEATING.
  8094 | D:9      | 8094 ||| RETREEEEATING.
  8113 | D:9      | HP: 12/55 [something/ball of steam (4)]
  8114 | D:9      | 8114 ||| READING 4 scrolls of teleportation.
  8115 | D:9      | 8115 ||| DRINKING 2 potions of heal wounds.
  8308 | D:9      | Reached **** piety under Okawaru
  8420 | D:9      | Noticed a two-headed ogre
  8421 | D:9      | 8421 ||| INVOKING Finesse.
  8426 | D:9      | Killed a two-headed ogre
  8552 | D:9      | 8552 ||| INVOKING Finesse.
  8569 | D:9      | HP: 11/55 [something] (12)]
  8570 | D:9      | 8570 ||| DRINKING potion of heal wounds.
  8571 | D:9      | 8571 ||| Stepping ~*~*~tactically~*~*~ (cloud).
  8572 | D:9      | 8572 ||| FLEEEEING.
  8573 | D:9      | 8573 ||| FLEEEEING.
  8574 | D:9      | 8574 ||| FLEEEEING.
  8575 | D:9      | 8575 ||| FLEEEEING.
  8578 | D:9      | 8578 ||| FLEEEEING.
  8579 | D:9      | 8579 ||| FLEEEEING.
  8580 | D:9      | 8580 ||| FLEEEEING.
  8860 | D:9      | Noticed a two-headed ogre
  8896 | D:9      | 8896 ||| UPGRADING to +1 hat of stealth.
  8934 | D:10     | Entered Level 10 of the Dungeon
  8954 | D:10     | Noticed Josephine
  8955 | D:10     | 8955 ||| INVOKING Finesse.
  8961 | D:10     | Killed Josephine
  8968 | D:10     | Reached skill level 6 in Invocations
  9057 | D:10     | Noticed Urug
  9058 | D:10     | 9058 ||| INVOKING Finesse.
  9067 | D:10     | HP: 9/55 [Urug/+2 broad axe of freezing (5)]
  9068 | D:10     | 9068 ||| READING 3 scrolls of teleportation.
  9303 | D:10     | Noticed Sonja
  9304 | D:10     | 9304 ||| INVOKING Finesse.
  9306 | D:10     | Killed Sonja
  9353 | D:10     | Noticed a boulder beetle
  9354 | D:10     | 9354 ||| RETREEEEATING.
  9355 | D:10     | 9355 ||| RETREEEEATING.
  9361 | D:10     | 9361 ||| RETREEEEATING.
  9362 | D:10     | 9362 ||| RETREEEEATING.
  9364 | D:10     | 9364 ||| RETREEEEATING.
  9369 | D:10     | 9369 ||| INVOKING Finesse.
  9396 | D:10     | Killed a boulder beetle
  9425 | D:10     | 9425 ||| FLEEEEING.
  9660 | D:10     | 9660 ||| INVOKING Finesse.
  9671 | D:10     | Killed Urug
  9672 | D:10     | Reached XP level 12. HP: 21/60 MP: 13/18
  9822 | D:10     | Found a portal to a secret trove of treasure.
 10057 | D:10     | 10057 ||| DROPPING ring of ice.
 10058 | D:10     | 10058 ||| DROPPING +6 ring of strength.
 10114 | D:11     | Found Qarif's Distillery.
 10129 | D:11     | 10129 ||| BUYING potion of curing (36 gold).
 10129 | D:11     | Bought a potion of curing for 36 gold pieces
 10129 | D:11     | 10129 ||| BUYING potion of haste (120 gold).
 10129 | D:11     | Bought a potion of haste for 120 gold pieces
 10129 | D:11     | 10129 ||| BUYING potion of heal wounds (60 gold).
 10129 | D:11     | Bought a potion of heal wounds for 60 gold pieces
 10129 | D:11     | 10129 ||| SHOPLISTING potion of magic (96 gold, have 57).
 10129 | D:11     | 10129 ||| BUYING potion of might (48 gold).
 10129 | D:11     | Bought a potion of might for 48 gold pieces
 10133 | D:11     | Noticed a two-headed ogre
 10134 | D:11     | 10134 ||| INVOKING Finesse.
 10146 | D:11     | Killed a two-headed ogre
 10197 | D:11     | 10197 ||| RETREEEEATING.
 10198 | D:11     | 10198 ||| RETREEEEATING.
 10199 | D:11     | 10199 ||| RETREEEEATING.
 10200 | D:11     | 10200 ||| RETREEEEATING.
 10201 | D:11     | 10201 ||| RETREEEEATING.
 10203 | D:11     | 10203 ||| RETREEEEATING.
 10204 | D:11     | 10204 ||| RETREEEEATING.
 10205 | D:11     | 10205 ||| RETREEEEATING.
 10206 | D:11     | 10206 ||| RETREEEEATING.
 10315 | D:11     | Found Pecvere's Antique Armour Boutique.
 10334 | D:11     | 10334 ||| SHOPLISTING +5 moon troll leather armour {Spirit,
                  | Regen++ MP+5} (1904 gold, have 63).
 10450 | D:11     | Found a staircase to the Lair.
 10481 | D:11     | Found Weonusm's Armour Emporium.
 10481 | D:11     | Noticed Snorg
 10482 | D:11     | 10482 ||| INVOKING Finesse.
 10483 | D:11     | 10483 ||| INVOKING Finesse.
 10492 | D:11     | 10492 ||| INVOKING Heroism.
 10499 | D:11     | Killed Snorg
 10639 | D:11     | 10639 ||| PLANNING LAIR
 10639 | D:11     | 10639 ||| READING 5 scrolls of identify.
 10639 | D:11     | 10639 ||| IDENTIFYING scroll labelled NEKEATS SUVUO
 10640 | D:11     | 10640 ||| DROPPING scroll of blinking.
 10706 | D:11     | Mangled by a komodo dragon

Levels and vault maps discovered:
D:1:      elethiomel_arrival_infinity_welcomes_careful_drivers, layout_basic
D:2:      kennysheep_six_static_rooms, layout_loops_ring
D:3:      layout_loops_corners, gammafunk_ghost_abyssal_escape
D:4:      layout_basic, gammafunk_ghost_grave, uniq_crazy_yiuf_cottage
D:5:      layout_cave_pools, serial_shops, shop,
          mainiacjoe_ossuary_entry_dusty_tomb, goddamned_bats, uniq_grinder
D:6:      layout_basic, minmay_temple_entry_enclosed_plants, uniq_maggie
D:7:      layout_gridville, nicolae_overflow_hidden_temple, serial_shops, shop,
          gammafunk_ghost_grave, nicolae_fountain_basement
D:8:      layout_cave_pools, biasface_ghost_orc_armoury,
          hangedman_decor_diamond_cutter
D:9:      layout_rooms, orc_0_dummy, serial_shops, shop, nzn_random_ring,
          uniq_gastronok
D:10:     layout_rooms, nicolae_trove_entry_diagonal, serial_aquarium,
          aquarium_bridge_square [aquarium_subvault_wall,
          aquarium_subvault_window, aquarium_subvault_bridge,
          aquarium_subvault_bridge], aquarium_window_fake, aquarium_window_fake,
          aquarium_view_2a, aquarium_view_2b, aquarium_pool_2, uniq_sonja,
          uniq_josephine, uniq_urug
D:11:     layout_rooms, david_lair_shrubbed, serial_shops, shop,
          nicolae_square_shop, nicolae_shop_rolling_square, uniq_snorg
Temple:   bh_familiar_temple

Skill      XL: |  1  2  3  4  5  6  7  8  9 10 11 12 |
---------------+-------------------------------------+-----
Dodging        | 3 4 5 6 7 9 11 13 14 | 14.3
Ranged Weapons | 5 6 8 10 11 12 13 14 | 14.0
Fighting       | 2 3 4 5 |  5.0
Armour         | 1 |  1.3
Invocations    | 4 7 8 |  8.2
Stealth        | |  1.5

Action                     |  1- 3 |  4- 6 |  7- 9 | 10-12 || total
---------------------------+-------+-------+-------+-------++-------
   Fire: Shortbow          |   122 |   191 |   483 |       ||   796
         Orcbow            |       |       |    72 |   177 ||   249
         Arbalest          |       |       |       |   403 ||   403
 Invoke: Heroism           |       |       |       |     3 ||     3
         Finesse           |       |       |       |     9 ||     9
    Use: Scroll            |     4 |     2 |    16 |     7 ||    29
         Potion            |     4 |       |     3 |     3 ||    10
 Armour: Robe              |    21 |    15 |    55 |       ||    91
         Steam dragon scal |       |       |     6 |    67 ||    73
  Dodge: Dodged            |    72 |   125 |   417 |   415 ||  1029

Table legend:
 A = Non-vault XP
 B = Vault XP
 C = Vault XP percentage of total XP
 D = Non-vault monster count
 E = Vault monster count
 F = Vault count percentage of total count
                 A         B        C        D         E       F
            +---------+---------+-------+---------+---------+-------
      Total |   13267 |   11711 |  46.9 |     246 |      76 |  23.6
            +---------+---------+-------+---------+---------+-------
        D:1 |      21 |       0 |   0.0 |      11 |       0 |   0.0
        D:2 |      95 |      33 |  25.8 |      32 |       6 |  15.8
        D:3 |     127 |       0 |   0.0 |      21 |       0 |   0.0
        D:4 |     556 |       0 |   0.0 |      24 |       0 |   0.0
        D:5 |     709 |     451 |  38.9 |      29 |      21 |  42.0
        D:6 |    2097 |     424 |  16.8 |      37 |       1 |   2.6
        D:7 |    1762 |     646 |  26.8 |      21 |       6 |  22.2
        D:8 |     706 |       0 |   0.0 |      24 |       0 |   0.0
        D:9 |    2605 |    5800 |  69.0 |      28 |      18 |  39.1
       D:10 |    2410 |    3282 |  57.7 |       9 |       7 |  43.8
       D:11 |    2179 |     922 |  29.7 |      10 |       1 |   9.1
    Ossuary |       0 |     153 | 100.0 |       0 |      16 | 100.0
            +---------+---------+-------+---------+---------+-------
